 Dungeon Crawl Stone Soup version 0.29.1-12-g30fa7ad0bf (webtiles) character file.

Game seed: 11397093369596460229

60 Descartes the Ruffian (level 3, 0/35 HPs)
             Began as a Troll Warper on Dec 15, 2022.
             Slain by Sigmund
             ... wielding a +0 scythe of flaming
              (9 damage)
             ... on level 2 of the Dungeon.
             The game lasted 00:01:37 (1127 turns).

Descartes the Ruffian (Troll Warper)                Turns: 1127, Time: 00:01:38

Health: 0/35       AC:  4    Str: 19    XL:     3   Next: 82%
Magic:  4/4        EV:  9    Int: 11    God:
Gold:   64         SH:  0    Dex:  9    Spells: 5/5 levels left

rFire   . . .      SeeInvis .     - Unarmed
rCold   . . .      Faith    .   (no shield)
rNeg    . . .      Spirit   .   a - +0 robe
rPois   .          Reflect  .   (helmet restricted)
rElec   .          Harm     .   (no cloak)
rCorr   .          Rampage  .   (gloves unavailable)
Will    .....                   (boots unavailable)
Stlth   +.........              (no amulet)
HPRegen 0.91/turn               (no ring)
MPRegen 0.09/turn               (no ring)

@: no status effects
A: large, unfitting armour, claws 3, regeneration 1, shaggy fur 1, tough skin 1
a: no special abilities


You were on level 2 of the Dungeon.
You visited 1 branch of the dungeon, and saw 3 of its levels.

You collected 64 gold pieces.

Inventory:

Missiles
 c - 7 boomerangs of dispersal (quivered)
Armour
 a - a +0 robe (worn)
Scrolls
 b - a scroll of blinking
 d - a scroll of identify {unknown}
 f - a scroll of immolation {unknown}
Potions
 e - a potion of might {unknown}
 g - a potion of ambrosia {unknown}
 h - a potion of heal wounds {unknown}
 i - a potion of flight {unknown}


   Skills:
 + Level 2.2 Fighting
 - Level 0.8 Throwing
 - Level 1.9 Dodging
 + Level 2.6 Unarmed Combat
 + Level 1.7 Spellcasting
 + Level 2.5 Translocations


You had 5 spell levels left.
You didn't know any spells.
Your spell library contained the following spells:

 Spells                   Type           Power      Damage    Failure   Level
 Blink                    Tloc           12%        N/A       16%         2
 Gell's Gravitas          Tloc           6%         N/A       30%         3
 Lesser Beckoning         Tloc           6%         N/A       30%         3
 Teleport Other           Tloc           6%         N/A       30%         3
 Manifold Assault         Tloc           6%         N/A       96%         5


Dungeon Overview and Level Annotations

Branches:
Dungeon (3/15)

Altars:

Annotations:
D:2 Sigmund


Innate Abilities, Weirdness & Mutations

You are too large for most types of armour.
You have claws for hands.
Your natural rate of healing is unusually fast.
You are covered in fur. (AC +1)
You have tough skin. (AC +1)


Message History

You climb downwards.
Reactivating autopickup.
Found a scroll labelled XOKHUFUXESA.
Found a stone staircase leading down.
There is a stone staircase leading up here.
Unknown command.
You feel less confused.
You climb upwards.
Level annotation: Sigmund Sigmund hits you from afar with a +0 scythe of flaming!
Sigmund burns you.
There is a stone staircase leading down here.
Sigmund hits you with a +0 scythe of flaming.
Sigmund burns you.
You barely miss Sigmund. You claw Sigmund!
Sigmund is moderately wounded.
Sigmund hits you but does no damage.
You claw Sigmund!
Sigmund is heavily wounded.
Sigmund points at you and mumbles some strange words.
You are confused.
You closely miss Sigmund.
Sigmund is heavily wounded.
Sigmund hits you with a +0 scythe of flaming!
Sigmund burns you.
You miss Sigmund.
Sigmund is heavily wounded.
Sigmund hits you from afar with a +0 scythe of flaming.
Sigmund burns you. Sigmund gestures at you while chanting.
The magic dart hits you!
* * * LOW HITPOINT WARNING * * *
You claw Sigmund! Your claw misses Sigmund.
Sigmund is almost dead.
You feel less confused.
Sigmund mumbles some strange words.
Sigmund flickers and vanishes!
Deactivating autopickup; reactivate with Ctrl-A.
You closely miss something. Something hits you!
You die...

########### .#####
#.........#
......##.........#
.......+......>..#######
.......#.....@.........# .
.....######{.........# ...
... #..........#
#....#†######..........#
#.....)............†...#
######.######.........######
........'.........'....#
#.......##.........####.###
#.......+.............#....


There were no monsters in sight!

Vanquished Creatures
  A gnoll (D:1)
  An adder (D:2)
  A dart slug (D:1)
  5 endoplasms (D:1)
  3 giant cockroaches
  5 hobgoblins
  6 kobolds
  3 quokkas
  A ball python (D:1)
  3 bats (D:1)
  2 frilled lizards (D:1)
  6 rats (D:1)
37 creatures vanquished.

Notes
Turn   | Place    | Note
-------+----------+-------------------------------------------
     0 | D:1      | Descartes the Troll Warper began the quest for the Orb.
     0 | D:1      | Reached XP level 1. HP: 19/19 MP: 1/1
   171 | D:1      | Reached XP level 2. HP: 23/28 MP: 3/3
   502 | D:1      | Reached XP level 3. HP: 30/35 MP: 4/4
  1074 | D:2      | Noticed Sigmund
  1127 | D:2      | Slain by Sigmund

Illustrated notes

Levels and vault maps discovered:
D:1:      matt_arrival_refuge, layout_loops_ring, serial_rivers,
          chequers_serial_rivers_small_b, chequers_serial_rivers_micro_d,
          chequers_serial_rivers_micro_a, chequers_serial_rivers_small_b,
          chequers_serial_rivers_large_b, chequers_serial_rivers_room_a
D:2:      layout_basic, minmay_tromino_i2, uniq_sigmund, uniq_crazy_yiuf_cottage
D:3:      layout_loops_ring, mainiacjoe_overflow_tiny_flanked,
          hangedman_decor_points

Skill      XL: |  1  2 |
---------------+-------+-----
Fighting       | 2 |  2.2
Throwing       | |  0.8
Dodging        | |  1.9
Unarmed Combat | |  2.6
Spellcasting   | |  1.7
Translocations | |  2.5

Action                   || total
-------------------------++-------
Melee: Unarmed           ||    83
Armor: Robe              ||    19
Dodge: Dodged            ||    28
